 Dungeon Crawl Stone Soup version 0.30-a0-42-g806c11bf1d (webtiles) character file.

Game seed: 9162720835385077565

63 SensoryNuts the Cudgeller (level 3, -8/36 HPs)
             Began as a Troll Fighter on Aug 30, 2022.
             Mangled by a gnoll
             ... wielding a +0 halberd
              (13 damage)
             ... on level 2 of the Dungeon.
             The game lasted 00:01:24 (1267 turns).

SensoryNuts the Cudgeller (Troll Fighter)           Turns: 1267, Time: 00:01:24

Health: -8/36      AC:  4    Str: 26    XL:     3   Next: 89%
Magic:  2/2        EV:  8    Int:  4    God:
Gold:   65         SH:  7    Dex:  9    Spells: 2/2 levels left

rFire   . . .      SeeInvis .    a - +0 flail
rCold   . . .      Faith    .    c - +0 kite shield
rNeg    . . .      Spirit   .    b - +0 robe
rPois   .          Reflect  .    (helmet restricted)
rElec   .          Harm     .    (no cloak)
rCorr   .          Rampage  .    (gloves unavailable)
Will    .....                    (boots unavailable)
Stlth   +.........               (no amulet)
HPRegen 0.92/turn                (no ring)
MPRegen 0.08/turn                (no ring)

@: mighty
A: large, unfitting armour, claws 3, regeneration 1, shaggy fur 1, tough skin 1
a: no special abilities


You were on level 2 of the Dungeon.
You visited 1 branch of the dungeon, and saw 2 of its levels.

You collected 65 gold pieces.

Inventory:

Hand Weapons
 a - a +0 flail (weapon)
Armour
 b - a +0 robe (worn)
 c - a +0 kite shield (worn)
Scrolls
 e - 4 scrolls of identify
 i - a scroll of butterflies {unknown}
 j - a scroll of blinking {unknown}
Potions
 d - a potion of might
 f - 2 potions of curing {unknown}
 g - a potion of brilliance
 h - a potion of haste {unknown}


   Skills:
 + Level 2.6 Fighting
 * Level 3.1 Maces & Flails
 + Level 2.6 Dodging
 + Level 3.0 Shields


You had 2 spell levels left.
You didn't know any spells.
Your spell library contained the following spells:

 Spells                   Type           Power      Damage    Failure   Level
 Summon Small Mammal      Summ           0%         N/A       80%         1
 Call Canine Familiar     Summ           0%         N/A       99%         3
 Summon Guardian Golem    Hex/Summ       0%         N/A       99%         3


Dungeon Overview and Level Annotations

Branches:
Dungeon (2/15)

Altars:
Kikubaaqudgha

Shops:
D:2 :


Innate Abilities, Weirdness & Mutations

You are too large for most types of armour.
You have claws for hands.
Your natural rate of healing is unusually fast.
You are covered in fur. (AC +1)
You have tough skin. (AC +1)


Message History

You kill the gnoll!
Found a stone staircase leading down.
A gnoll comes into view.
It is wielding a +3 whip of electrocution.
Things that are here:
a +0 flail; a gnoll corpse The gnoll barely misses you.
You sock the gnoll!
The gnoll is severely wounded.
The gnoll hits you with a +0 spear. You block the gnoll's attack.
You hit the gnoll.
The gnoll is almost dead.
The gnoll hits you with a +0 spear!
You hit the gnoll.
You kill the gnoll!
The gnoll hits you from afar with a +0 halberd!
The gnoll barely misses you.
You are too injured to fight recklessly!
You are too injured to fight recklessly!
You are too injured to fight recklessly!
You are too injured to fight recklessly!
You are too injured to fight recklessly!
You are too injured to fight recklessly!
You are too injured to fight recklessly!
You are too injured to fight recklessly!
Unknown command.
You feel very mighty all of a sudden. You block the gnoll's attack.
The gnoll hits you with a +3 whip of electrocution.
You bludgeon the gnoll!!
You kill the gnoll!
The gnoll hits you from afar with a +0 halberd!
* * * LOW HITPOINT WARNING * * *
Your Maces & Flails skill increases to level 3!
The gnoll hits you but does no damage.
Things that are here:
a +3 whip of electrocution; a +0 spear; a gnoll corpse You barely miss the gnoll.
The gnoll barely misses you.
You barely miss the gnoll. The gnoll barely misses you.
The gnoll hits you with a +0 halberd!
You die...

####### #.....#
#### #.....# .....
###.....# .....
........# ###
...... ........#
##.#####......
#......###.......
.. ###.....######
..... ..
##...##..##...#
....
..##....###..#...#
...
.................#
##
.~.~#...######...#
≈~.~≈...######...#
≈≈∩≈≈.#.........##


You could see a gnoll.

Vanquished Creatures
  3 gnolls (D:2)
  3 worms (D:2)
  A dart slug (D:1)
  2 endoplasms (D:2)
  A giant cockroach (D:1)
  3 goblins
  2 hobgoblins (D:1)
  2 ball pythons
  2 bats
  4 frilled lizards
  2 kobolds (D:1)
25 creatures vanquished.

Notes
Turn   | Place    | Note
-------+----------+-------------------------------------------
     0 | D:1      | SensoryNuts the Troll Fighter began the quest for the Orb.
     0 | D:1      | Reached XP level 1. HP: 22/22 MP: 0/0
    97 | D:1      | Found a faded altar of an unknown god.
   523 | D:1      | Reached XP level 2. HP: 26/29 MP: 1/1
  1081 | D:2      | Found an ancient bone altar of Kikubaaqudgha.
  1180 | D:2      | Reached XP level 3. HP: 34/36 MP: 2/2
  1220 | D:2      | Found Humaollu's Book Shoppe.
  1267 | D:2      | Mangled by a gnoll

Illustrated notes

Levels and vault maps discovered:
D:1:      dpeg_arrival_tiny_h, layout_loops_corners,
          ebering_ecumenical_altar_abandoned, roderic_roman_lattice,
          chequers_garden, dreamdust_princess_bridge
D:2:      layout_rooms, serial_shops, nicolae_shop_waterfront, basic_altar

Skill      XL: |  1  2  3 |
---------------+----------+-----
Maces & Flails | 2 3 |  3.1
Shields        | 3 |  3.0
Fighting       | |  2.6
Dodging        | |  2.6

Action                   || total
-------------------------++-------
Melee: Flail             ||    78
  Use: Scroll            ||     3
       Potion            ||     1
 Stab: Sleeping          ||     1
Armor: Robe              ||    18
Dodge: Dodged            ||    25
Block: Kite shield       ||    28

Table legend: (Time is in decaauts)
 A = Elapsed time spent in this place.
 B = Non-inter-level travel time spent in this place.
 C = Inter-level travel time spent in this place.
 D = Time resting spent in this place.
 E = Time spent auto-exploring this place.
 F = Levels seen in this place.
 G = Mean time per level.
                   A        B        C        D        E       F      G
               +--------+--------+--------+--------+--------+-----+--------+
         Total |   1300 |   1220 |     80 |      0 |    996 |   2 |  650.0 |
       Dungeon |   1300 |   1220 |     80 |      0 |    996 |   2 |  650.0 |
               +--------+--------+--------+--------+--------+-----+--------+

Top non-repeatable levels by time:
     D:1: 1052 daAuts
     D:2: 247 daAuts
